AoeStats
← ElCapytan42

Scandinavia

510957440Analyzed
1v1 RM · 10h ago on Oct 3, 2026· 21m 37s· 2 players
Game mode
Random Map
Map size
Tiny (2 player)
Population
200
Speed
Normal
Resources
Standard
Victory
Conquest
Starting age
Dark Age
Ending age
Imperial Age
RankedLock teamsTeams togetherTeam positionsShared explorationLock speedFull tech treeHidden civsTurbo modeCheats
Victory
Defeat
🇦🇺 Danes · Australia
324
+25
🇺🇸 Celts · United States
531
-50
Scotty 1652
11:04 Feudal Age
9:20 Loom
14:11 Double-Bit Axe
16:21 Man-at-Arms
20:34 Forging
20:25 Scale Mail Armor
ElCapytan42
15:12 Feudal Age
17:12 Man-at-Arms
Connection lost

Rejoining the realm…

Still unreachable

The connection could not be restored.

Session expired

The server has moved on; the page needs a fresh start.